 Dungeon Crawl Stone Soup version 0.27-a0-1591-gc56fcc985a (webtiles) character file.

Game seed: 2970325006429577674

198 DocClef the Covert (level 5, -1/47 HPs)
             Began as a Gnoll Delver on July 20, 2021.
             Slain by an orc (2 damage)
             ... on level 4 of the Dungeon.
             The game lasted 00:01:25 (427 turns).

DocClef the Covert (Gnoll Delver)                    Turns: 427, Time: 00:01:25

Health: -1/47      AC:  3    Str: 13    XL:     5   Next: 77%
Magic:  7/7        EV: 13    Int:  9    God:
Gold:   8          SH:  0    Dex: 13    Spells: 7/7 levels left

rFire    . . .     SeeInvis .   a - +0 short sword
rCold    . . .     Faith    .   (no shield)
rNeg     . . .     Spirit   .   b - +0 leather armour
rPois    .         Reflect  .   (no helmet)
rElec    .         Harm     .   (no cloak)
rCorr    .         Rampage  .   (no gloves)
Will     .....                  (no boots)
Stlth    ++++......             (no amulet)
HPRegen  0.15/turn              (no ring)
MPRegen  0.10/turn              (no ring)

@: no status effects
A: fangs 1, strong nose, distributed training
a: no special abilities


You were on level 4 of the Dungeon.
You visited 1 branch of the dungeon, and saw 3 of its levels.

You collected 8 gold pieces.

Inventory:

Hand Weapons
 a - a +0 short sword (weapon)
Armour
 b - a +0 leather armour (worn)
Wands
 g - a wand of digging (3)
Scrolls
 c - a scroll of fog
 d - a scroll of magic mapping
 e - a scroll of fear
 h - a scroll of blinking {unknown}
 i - a scroll of vulnerability {unknown}
Potions
 f - a potion of haste
 j - a potion of mutation {unknown}


   Skills:
 + Level 6.7 Fighting
 + Level 4.8 Short Blades
 + Level 1.6 Long Blades
 + Level 1.6 Axes
 + Level 1.6 Maces & Flails
 + Level 1.6 Polearms
 + Level 1.6 Staves
 + Level 1.6 Slings
 + Level 1.6 Bows
 + Level 1.6 Crossbows
 + Level 1.6 Throwing
 + Level 1.6 Armour
 + Level 4.8 Dodging
 + Level 9.7 Stealth
 + Level 1.6 Shields
 + Level 1.6 Unarmed Combat
 + Level 1.6 Spellcasting
 + Level 1.3 Conjurations
 + Level 1.3 Hexes
 + Level 1.3 Summonings
 + Level 1.3 Necromancy
 + Level 1.3 Translocations
 + Level 1.3 Transmutations
 + Level 1.3 Fire Magic
 + Level 1.3 Ice Magic
 + Level 1.3 Air Magic
 + Level 1.3 Earth Magic
 + Level 1.3 Poison Magic
 + Level 1.8 Invocations
 + Level 1.6 Evocations


You had 7 spell levels left.
You didn't know any spells.
Your spell library contained the following spells:

 Spells                   Type           Power      Damage    Failure   Level
 Apportation              Tloc           6%         N/A       26%         1
 Vampiric Draining        Necr           1%         2d6       61%         3
 Hailstorm                Conj/Ice       3%         3d3       95%         4
 Alistair's Intoxication  Tmut/Pois      2%         N/A       100%        5
 Invisibility             Hex            1%         N/A       100%        6
 Simulacrum               Ice/Necr       1%         N/A       100%        6
 Orb of Destruction       Conj           1%         N/A       100%        7


Dungeon Overview and Level Annotations

Branches:
Dungeon (5/15)
 Temple: D:4-7

Altars:

Shops:
D:4 :


Innate Abilities, Weirdness & Mutations

You have very sharp teeth.
Your uncanny sense of smell can sniff out nearby items.
Your experience applies equally to all skills.


Message History

The hound bites you.
* * * LOW HITPOINT WARNING * * *
You completely miss the hound.
The hound is severely wounded.
The hound barely misses you.
You hit the hound.
The hound is severely wounded.
The hound closely misses you.
You hit the hound but do no damage.
The hound is severely wounded.
The hound misses you. The hound barely misses you.
You closely miss the hound. Your bite misses the hound.
The hound is severely wounded.
The hound bites you but does no damage.
You hit the hound.
The hound is almost dead.
The hound bites you.
* * * LOW HITPOINT WARNING * * *
You miss the hound.
The hound is almost dead.
The hound bites you.
* * * LOW HITPOINT WARNING * * *
The hound bites you.
* * * LOW HITPOINT WARNING * * *
You closely miss the hound.
The hound is almost dead.
The hound completely misses you.
You hit the hound.
You kill the hound!
You closely miss the orc. The orc closely misses you.
You hit the orc.
The orc is heavily wounded.
The orc hits you with a +0 whip.
* * * LOW HITPOINT WARNING * * *
You hit the orc.
You kill the orc!
You hit the orc.
The orc is lightly wounded.
The orc hits you with a +0 whip.
You die...

#............###
#............#
##.......##+##
##############.......#
.....................#
.....................#
..............<###.###
##.............###.#
#..............@o.#
#.............#####
#.............#
#.............#
#.......#'#...#
#.......#∩#...#
#.......#'#...#
#########...### #####


You could see an orc.

Vanquished Creatures
  A sky beast (D:5)
  2 hounds
  A jelly (D:4)
  A hound skeleton (D:4)
  An adder (D:4)
  An orc (D:4)
  A goblin (D:4)
8 creatures vanquished.

Notes
Turn   | Place    | Note
-------+----------+-------------------------------------------
     0 | D:5      | Reached skill level 9 in Stealth
     0 | D:5      | DocClef the Gnoll Delver began the quest for the Orb.
     0 | D:5      | Reached XP level 1. HP: 23/23 MP: 1/1
     1 | D:5      | Noticed a sky beast
     7 | D:5      | Noticed a hound
     8 | D:5      | Killed a sky beast
     9 | D:5      | Reached skill level 1 in Long Blades
     9 | D:5      | Reached skill level 1 in Axes
     9 | D:5      | Reached skill level 1 in Maces & Flails
     9 | D:5      | Reached skill level 1 in Polearms
     9 | D:5      | Reached skill level 1 in Staves
     9 | D:5      | Reached skill level 1 in Slings
     9 | D:5      | Reached skill level 1 in Bows
     9 | D:5      | Reached skill level 1 in Crossbows
     9 | D:5      | Reached skill level 1 in Throwing
     9 | D:5      | Reached skill level 1 in Armour
     9 | D:5      | Reached skill level 1 in Shields
     9 | D:5      | Reached skill level 1 in Unarmed Combat
     9 | D:5      | Reached skill level 1 in Spellcasting
     9 | D:5      | Reached skill level 1 in Invocations
     9 | D:5      | Reached skill level 1 in Evocations
     9 | D:5      | Reached XP level 2. HP: 29/29 MP: 1/3
     9 | D:5      | Reached XP level 3. HP: 35/35 MP: 1/4
     9 | D:5      | Reached XP level 4. HP: 41/41 MP: 1/5
    21 | D:5      | Reached skill level 1 in Conjurations
    21 | D:5      | Reached skill level 1 in Hexes
    21 | D:5      | Reached skill level 1 in Summonings
    21 | D:5      | Reached skill level 1 in Necromancy
    21 | D:5      | Reached skill level 1 in Translocations
    21 | D:5      | Reached skill level 1 in Transmutations
    21 | D:5      | Reached skill level 1 in Fire Magic
    21 | D:5      | Reached skill level 1 in Ice Magic
    21 | D:5      | Reached skill level 1 in Air Magic
    21 | D:5      | Reached skill level 1 in Earth Magic
    21 | D:5      | Reached skill level 1 in Poison Magic
    21 | D:5      | Reached XP level 5. HP: 41/47 MP: 2/6
    71 | D:5      | Got Geho's Papyrus of Sinister Arts and Damage Dealing
   339 | D:4      | Found Poustia's Book Shop.
   425 | D:4      | HP: 1/47 [orc (4)]
   427 | D:4      | Slain by an orc

Illustrated notes

Levels and vault maps discovered:
D:3:      layout_rooms, hellmonk_ecumenical_altar_arch_garden, serial_shops,
          shop, nicolae_square_shop, uniq_grinder
D:4:      layout_basic, minmay_temple_entry_nine_rooms, serial_shops,
          kennysheep_mini, minmay_bisected
D:5:      layout_basic, hellmonk_bongcloud_opening, nicolae_inconvenience_store,
          uniq_pikel

Skill      XL: |  1  2  3  4 |
---------------+-------------+-----
Stealth        | |  9.7
Long Blades    | 1 |  1.6
Axes           | 1 |  1.6
Maces & Flails | 1 |  1.6
Polearms       | 1 |  1.6
Staves         | 1 |  1.6
Slings         | 1 |  1.6
Bows           | 1 |  1.6
Crossbows      | 1 |  1.6
Throwing       | 1 |  1.6
Armour         | 1 |  1.6
Shields        | 1 |  1.6
Unarmed Combat | 1 |  1.6
Spellcasting   | 1 |  1.6
Invocations    | 1 |  1.8
Evocations     | 1 |  1.6
Conjurations   | 1 |  1.3
Hexes          | 1 |  1.3
Summonings     | 1 |  1.3
Necromancy     | 1 |  1.3
Translocations | 1 |  1.3
Transmutations | 1 |  1.3
Fire Magic     | 1 |  1.3
Ice Magic      | 1 |  1.3
Air Magic      | 1 |  1.3
Earth Magic    | 1 |  1.3
Poison Magic   | 1 |  1.3
Fighting       | |  6.7
Short Blades   | |  4.8
Dodging        | |  4.8

Action                   |  1- 3 |  4- 6 || total
-------------------------+-------+-------++-------
Melee: Short sword       |     1 |    42 ||    43
       Bite              |       |     3 ||     3
 Stab: Sleeping          |     1 |     3 ||     4
Armor: Leather armour    |       |     4 ||     4
Dodge: Dodged            |       |    35 ||    35

Table legend: (Time is in decaauts)
 A = Elapsed time spent in this place.
 B = Non-inter-level travel time spent in this place.
 C = Inter-level travel time spent in this place.
 D = Time resting spent in this place.
 E = Time spent auto-exploring this place.
 F = Levels seen in this place.
 G = Mean time per level.
                   A        B        C        D        E       F      G
               +--------+--------+--------+--------+--------+-----+--------+
         Total |    422 |    419 |      3 |      0 |    215 |   3 |  140.7 |
       Dungeon |    422 |    419 |      3 |      0 |    215 |   3 |  140.7 |
               +--------+--------+--------+--------+--------+-----+--------+

Top non-repeatable levels by time:
     D:4: 262 daAuts
     D:5: 158 daAuts
     D:3: 1 daAuts
